2423 views
Uploaded 2024-09-12 17:00:36
Game version 1.36 (6115)
52:33 long 3on3 ladder game on (6)UpperKingdom
Saved by GIGA
2423 views
Uploaded 2024-09-12 17:00:36
Game version 1.36 (6115)
52:33 long 3on3 ladder game on (6)UpperKingdom


127 units @ 13.2k
/ 2.4k
159 buildings @ 12.1k
/ 5.6k


| Orb of Lightning | 1 | 375 |
| total: | 1 | 375g |
| Peasant | 18 | 1350 | / | 0 |
| Mortar Team | 5 | 900 | / | 350 |
| Flying Machine | 44 | 4400 | / | 1320 |
| Siege Engine | 3 | 585 | / | 180 |
| total: | 70 | 7235g | / | 1850w |
| Scout Tower | 25 | 750 | / | 500 |
| Guard Tower | 18 | 1260 | / | 900 |
| Arcane Tower | 3 | 210 | / | 150 |
| Altar of Kings | 1 | 180 | / | 50 |
| Lumber Mill | 1 | 120 | / | 0 |
| Farm | 14 | 1120 | / | 280 |
| Town Hall | 1 | 385 | / | 205 |
| Blacksmith | 1 | 140 | / | 60 |
| Arcane Vault | 2 | 260 | / | 60 |
| Workshop | 3 | 420 | / | 420 |
| Keep | 1 | 320 | / | 210 |
| Castle | 1 | 360 | / | 210 |
| total: | 48 | 3375g | / | 1575w |
| 0:02 | Peasant |
| 0:04 | Altar of Kings |
| 0:12 | Peasant |
| 0:19 | Lumber Mill |
| 0:20 | Peasant |
| 0:32 | Farm |
| 0:33 | Farm |
| 0:38 | Peasant |
| 0:58 | Farm |
| 1:06 | Peasant |
| 1:11 | Farm |
| 1:14 | Peasant |
| 1:21 | Peasant |
| 1:36 | Peasant |
| 1:44 | Scout Tower |
| 1:47 | Peasant |
| 1:50 | Scout Tower |
| 1:53 | Improved Lumber Harvesting |
| 1:54 | Peasant |
| 2:07 | Storm Bolt |
| 2:13 | Guard Tower |
| 2:41 | Arcane Tower |
| 2:44 | Peasant |
| 2:44 | Peasant |
| 3:07 | Town Hall |
| 3:18 | Scout Tower |
| 3:21 | Peasant |
| 3:24 | Peasant |
| 3:57 | Arcane Tower |
| 4:11 | Scout Tower |
| 4:12 | Scout Tower |
| 4:22 | Keep |
| 4:36 | Peasant |
| 4:36 | Peasant |
| 4:39 | Improved Masonry |
| 4:51 | Bash |
| 4:52 | Bash |
| 4:58 | Guard Tower |
| 5:00 | Scout Tower |
| 5:00 | Peasant |
| 5:17 | Guard Tower |
| 5:19 | Scout Tower |
| 5:20 | Scout Tower |
| 5:40 | Guard Tower |
| 5:47 | Blacksmith |
| 6:01 | Peasant |
| 6:16 | Guard Tower |
| 6:18 | Scout Tower |
| 6:33 | Scout Tower |
| 6:34 | Scout Tower |
| 6:35 | Guard Tower |
| 6:44 | Castle |
| 6:56 | Advanced Lumber Harvesting |
| 6:56 | Advanced Masonry |
| 6:58 | Guard Tower |
| 7:01 | Workshop |
| 7:12 | Workshop |
| 7:17 | Workshop |
| 7:20 | Scout Tower |
| 7:25 | Black Gunpowder |
| 7:30 | Guard Tower |
| 7:35 | Holy Light |
| 7:45 | Holy Light |
| 7:52 | Farm |
| 7:52 | Farm |
| 7:53 | Farm |
| 8:00 | Guard Tower |
| 8:01 | Scout Tower |
| 8:01 | Scout Tower |
| 8:02 | Scout Tower |
| 8:14 | Flare |
| 8:14 | Flak Cannons |
| 8:31 | Guard Tower |
| 8:34 | Refined Gunpowder |
| 8:37 | Mortar Team |
| 9:05 | Guard Tower |
| 9:08 | Guard Tower |
| 9:10 | Scout Tower |
| 9:11 | Scout Tower |
| 9:15 | Flying Machine Bombs |
| 9:15 | Fragmentation Shards |
| 9:34 | Guard Tower |
| 9:39 | Studded Leather Armor |
| 9:40 | Iron Plating |
| 10:01 | Imbued Gunpowder |
| 10:05 | Guard Tower |
| 10:07 | Scout Tower |
| 10:08 | Scout Tower |
| 10:15 | Farm |
| 10:16 | Farm |
| 10:17 | Farm |
| 10:20 | Farm |
| 10:20 | Farm |
| 10:21 | Farm |
| 10:22 | Farm |
| 10:26 | Flying Machine |
| 10:26 | Flying Machine |
| 10:36 | Guard Tower |
| 10:43 | Flying Machine |
| 11:03 | Guard Tower |
| 11:10 | Storm Bolt |
| 11:11 | Storm Bolt |
| 11:52 | Flying Machine |
| 11:52 | Flying Machine |
| 11:52 | Flying Machine |
| 11:53 | Flying Machine |
| 11:53 | Flying Machine |
| 11:53 | Flying Machine |
| 11:53 | Flying Machine |
| 12:16 | Flying Machine |
| 14:14 | Flying Machine |
| 14:15 | Flying Machine |
| 14:20 | Steel Plating |
| 14:39 | Arcane Tower |
| 15:46 | Imbued Masonry |
| 15:49 | Mithril Plating |
| 17:39 | Holy Light |
| 17:40 | Holy Light |
| 17:42 | Bash |
| 17:43 | Bash |
| 18:10 | Flying Machine |
| 18:11 | Flying Machine |
| 18:11 | Flying Machine |
| 18:12 | Flying Machine |
| 18:15 | Flying Machine |
| 18:16 | Flying Machine |
| 20:28 | Reinforced Leather Armor |
| 20:34 | Flying Machine |
| 21:08 | Scout Tower |
| 21:10 | Scout Tower |
| 21:11 | Scout Tower |
| 21:12 | Scout Tower |
| 21:15 | Scout Tower |
| 21:16 | Scout Tower |
| 21:48 | Guard Tower |
| 22:30 | Divine Shield |
| 23:32 | Guard Tower |
| 23:57 | Flying Machine |
| 23:57 | Flying Machine |
| 23:58 | Flying Machine |
| 24:01 | Flying Machine |
| 25:19 | Divine Shield |
| 25:28 | Flying Machine |
| 25:28 | Flying Machine |
| 26:19 | Storm Bolt |
| 26:20 | Storm Bolt |
| 31:51 | Barrage |
| 31:51 | Siege Engine |
| 31:55 | Mortar Team |
| 32:35 | Siege Engine |
| 32:39 | Siege Engine |
| 33:47 | Mortar Team |
| 34:59 | Avatar |
| 36:44 | Avatar |
| 36:47 | Resurrection |
| 37:49 | Flying Machine |
| 37:49 | Flying Machine |
| 37:49 | Flying Machine |
| 37:49 | Flying Machine |
| 37:50 | Flying Machine |
| 37:50 | Flying Machine |
| 37:50 | Flying Machine |
| 37:55 | Dragonhide Armor |
| 39:40 | Flying Machine |
| 39:40 | Flying Machine |
| 39:40 | Flying Machine |
| 39:40 | Flying Machine |
| 39:41 | Flying Machine |
| 39:41 | Flying Machine |
| 39:41 | Flying Machine |
| 42:31 | Bash |
| 44:01 | Mortar Team |
| 44:02 | Mortar Team |
| 46:54 | Arcane Vault |
| 46:57 | Arcane Vault |
| 47:10 | Orb of Lightning |
| 48:02 | Divine Shield |
| 48:46 | Devotion Aura |
| 50:11 | Flying Machine |
| 50:11 | Flying Machine |
| 50:12 | Flying Machine |
| 50:13 | Flying Machine |
| Right click | 2498 |
| Select group | 1115 |
| Select | 574 |
| Use ability | 201 |
| Build/train/purchase | 168 |
| Misc. action | 147 |
| Resource trade | 53 |
| Assign group | 19 |
| Minimap ping | 19 |
| Esc | 5 |
| Remove unit | 2 |




| Peasant | 18 | 1350 | / | 0 |
| Dragonhawk Rider | 8 | 1600 | / | 240 |
| total: | 26 | 2950g | / | 240w |
| Scout Tower | 70 | 2100 | / | 1400 |
| Arcane Tower | 10 | 700 | / | 500 |
| Guard Tower | 27 | 1890 | / | 1350 |
| Altar of Kings | 2 | 360 | / | 100 |
| Farm | 9 | 720 | / | 180 |
| Lumber Mill | 2 | 240 | / | 0 |
| Arcane Vault | 2 | 260 | / | 60 |
| Town Hall | 2 | 770 | / | 410 |
| Gryphon Aviary | 1 | 140 | / | 150 |
| Arcane Sanctum | 1 | 150 | / | 140 |
| Keep | 1 | 320 | / | 210 |
| Castle | 1 | 360 | / | 210 |
| total: | 89 | 4740g | / | 2440w |
| 0:03 | Peasant |
| 0:03 | Peasant |
| 0:08 | Altar of Kings |
| 0:11 | Farm |
| 0:13 | Farm |
| 0:24 | Peasant |
| 0:31 | Lumber Mill |
| 0:42 | Peasant |
| 0:52 | Farm |
| 1:01 | Peasant |
| 1:22 | Improved Lumber Harvesting |
| 1:23 | Peasant |
| 1:23 | Peasant |
| 1:38 | Scout Tower |
| 1:39 | Peasant |
| 1:51 | Peasant |
| 1:52 | Peasant |
| 2:13 | Peasant |
| 2:13 | Peasant |
| 2:13 | Peasant |
| 2:16 | Arcane Tower |
| 2:22 | Storm Bolt |
| 2:29 | Peasant |
| 2:29 | Peasant |
| 2:34 | Scout Tower |
| 2:59 | Scout Tower |
| 3:00 | Scout Tower |
| 3:01 | Scout Tower |
| 3:02 | Scout Tower |
| 3:06 | Scout Tower |
| 3:07 | Scout Tower |
| 3:08 | Scout Tower |
| 3:09 | Scout Tower |
| 3:10 | Scout Tower |
| 3:11 | Scout Tower |
| 3:12 | Scout Tower |
| 3:13 | Scout Tower |
| 3:13 | Scout Tower |
| 3:14 | Scout Tower |
| 3:15 | Scout Tower |
| 3:22 | Guard Tower |
| 3:35 | Arcane Tower |
| 3:48 | Guard Tower |
| 3:56 | Keep |
| 4:12 | Guard Tower |
| 4:32 | Improved Masonry |
| 4:39 | Guard Tower |
| 4:41 | Guard Tower |
| 4:43 | Arcane Tower |
| 4:55 | Scout Tower |
| 4:56 | Scout Tower |
| 4:56 | Scout Tower |
| 4:57 | Scout Tower |
| 5:01 | Scout Tower |
| 5:02 | Scout Tower |
| 5:23 | Guard Tower |
| 5:24 | Guard Tower |
| 5:27 | Arcane Tower |
| 5:35 | Scout Tower |
| 5:38 | Scout Tower |
| 5:42 | Guard Tower |
| 5:45 | Scout Tower |
| 5:46 | Scout Tower |
| 5:51 | Scout Tower |
| 5:53 | Scout Tower |
| 5:54 | Scout Tower |
| 5:55 | Scout Tower |
| 5:56 | Scout Tower |
| 5:59 | Arcane Tower |
| 6:25 | Guard Tower |
| 6:35 | Advanced Masonry |
| 6:45 | Guard Tower |
| 6:47 | Scout Tower |
| 6:47 | Scout Tower |
| 6:49 | Scout Tower |
| 6:50 | Scout Tower |
| 6:52 | Scout Tower |
| 6:53 | Scout Tower |
| 7:13 | Scout Tower |
| 7:16 | Scout Tower |
| 7:26 | Scout Tower |
| 7:29 | Castle |
| 7:33 | Arcane Tower |
| 7:42 | Guard Tower |
| 7:44 | Scout Tower |
| 7:45 | Guard Tower |
| 7:50 | Scout Tower |
| 7:53 | Guard Tower |
| 7:56 | Arcane Tower |
| 8:12 | Guard Tower |
| 8:17 | Guard Tower |
| 8:22 | Guard Tower |
| 8:58 | Guard Tower |
| 9:04 | Arcane Tower |
| 9:06 | Guard Tower |
| 9:19 | Gryphon Aviary |
| 9:53 | Arcane Vault |
| 10:02 | Imbued Masonry |
| 10:12 | Guard Tower |
| 10:17 | Scout Tower |
| 10:18 | Scout Tower |
| 10:21 | Guard Tower |
| 10:43 | Guard Tower |
| 10:45 | Guard Tower |
| 10:53 | Scout Tower |
| 10:53 | Scout Tower |
| 10:55 | Scout Tower |
| 10:55 | Scout Tower |
| 10:56 | Scout Tower |
| 10:57 | Scout Tower |
| 11:02 | Scout Tower |
| 11:04 | Scout Tower |
| 11:47 | Farm |
| 11:53 | Farm |
| 12:04 | Cloud |
| 12:13 | Divine Shield |
| 12:22 | Dragonhawk Rider |
| 12:23 | Dragonhawk Rider |
| 12:27 | Guard Tower |
| 12:30 | Brilliance Aura |
| 12:58 | Guard Tower |
| 13:33 | Guard Tower |
| 13:46 | Arcane Sanctum |
| 13:59 | Dragonhawk Rider |
| 14:02 | Arcane Tower |
| 14:09 | Scout Tower |
| 14:10 | Scout Tower |
| 14:11 | Scout Tower |
| 14:17 | Divine Shield |
| 16:48 | Magic Sentry |
| 18:13 | Farm |
| 18:14 | Farm |
| 18:16 | Farm |
| 19:01 | Town Hall |
| 23:45 | Arcane Vault |
| 23:49 | Arcane Tower |
| 23:53 | Lumber Mill |
| 25:55 | Scout Tower |
| 25:55 | Scout Tower |
| 25:56 | Scout Tower |
| 25:56 | Scout Tower |
| 26:00 | Scout Tower |
| 26:01 | Scout Tower |
| 26:01 | Scout Tower |
| 26:02 | Scout Tower |
| 26:03 | Scout Tower |
| 26:04 | Scout Tower |
| 26:04 | Scout Tower |
| 26:05 | Scout Tower |
| 26:05 | Scout Tower |
| 26:06 | Scout Tower |
| 26:19 | Dragonhawk Rider |
| 26:19 | Dragonhawk Rider |
| 26:19 | Dragonhawk Rider |
| 28:17 | Guard Tower |
| 28:21 | Blizzard |
| 29:52 | Guard Tower |
| 30:33 | Holy Light |
| 31:17 | Holy Light |
| 33:48 | Farm |
| 35:30 | Resurrection |
| 37:00 | Dragonhawk Rider |
| 37:00 | Dragonhawk Rider |
| 37:49 | Altar of Kings |
| 40:31 | Brilliance Aura |
| 42:02 | Life Drain |
| 42:06 | Thunder Clap |
| 47:10 | Peasant |
| 47:10 | Peasant |
| 47:10 | Peasant |
| 50:30 | Town Hall |
| 52:05 | Blizzard |
| Right click | 3132 |
| Select group | 2567 |
| Select | 679 |
| Build/train/purchase | 177 |
| Use ability | 61 |
| Assign group | 42 |
| Resource trade | 37 |
| Minimap ping | 30 |
| Chat | 18 |
| Misc. action | 14 |
| Esc | 4 |
Cabeelibob
(194)
(52:26) : 

| Healing Salve | 2 | 200 |
| Lesser Clarity Potion | 6 | 420 |
| Orb of Lightning | 1 | 375 |
| Potion of Mana | 6 | 1200 |
| total: | 15 | 2195g |
| Peon | 22 | 1650 | / | 0 |
| Troll Witch Doctor | 8 | 1160 | / | 200 |
| Kodo Beast | 1 | 255 | / | 60 |
| total: | 31 | 3065g | / | 260w |
| Watch Tower | 1 | 110 | / | 80 |
| Altar of Storms | 2 | 360 | / | 100 |
| Orc Burrow | 9 | 1440 | / | 360 |
| War Mill | 2 | 410 | / | 0 |
| Voodoo Lounge | 2 | 260 | / | 60 |
| Great Hall | 2 | 770 | / | 370 |
| Spirit Lodge | 2 | 300 | / | 300 |
| Beastiary | 2 | 290 | / | 280 |
| Stronghold | 1 | 315 | / | 190 |
| Fortress | 1 | 325 | / | 190 |
| total: | 22 | 3940g | / | 1550w |
| 0:05 | Altar of Storms |
| 0:06 | Peon |
| 0:25 | Orc Burrow |
| 0:26 | Peon |
| 0:37 | Peon |
| 0:54 | Peon |
| 0:54 | Peon |
| 1:00 | War Mill |
| 1:02 | Peon |
| 1:23 | Peon |
| 1:32 | Voodoo Lounge |
| 1:38 | Peon |
| 1:47 | Peon |
| 1:59 | Peon |
| 2:08 | Orc Burrow |
| 2:17 | Wind Walk |
| 2:26 | Spiked Barricades |
| 2:28 | Peon |
| 2:52 | Watch Tower |
| 2:53 | Peon |
| 2:54 | Peon |
| 3:12 | Peon |
| 3:12 | Peon |
| 3:45 | Orc Burrow |
| 4:26 | Great Hall |
| 4:29 | Voodoo Lounge |
| 5:04 | Critical Strike |
| 5:08 | Orc Burrow |
| 5:22 | Healing Salve |
| 5:31 | Healing Salve |
| 6:55 | Stronghold |
| 6:59 | Orc Burrow |
| 9:25 | Fortress |
| 9:47 | Wind Walk |
| 9:52 | Lesser Clarity Potion |
| 10:19 | Reinforced Defenses |
| 10:19 | Improved Spiked Barricades |
| 11:10 | Spirit Lodge |
| 11:16 | Spirit Lodge |
| 11:19 | Beastiary |
| 12:15 | Beastiary |
| 13:08 | Critical Strike |
| 13:49 | Witch Doctor Adept Training |
| 14:55 | Great Hall |
| 15:47 | Wind Walk |
| 16:55 | Orb of Lightning |
| 17:22 | Bladestorm |
| 17:50 | Critical Strike |
| 18:31 | Witch Doctor Master Training |
| 18:32 | Troll Witch Doctor |
| 18:32 | Troll Witch Doctor |
| 18:32 | Troll Witch Doctor |
| 18:32 | Troll Witch Doctor |
| 18:38 | War Mill |
| 19:08 | Altar of Storms |
| 20:33 | Silence |
| 20:50 | Orc Burrow |
| 23:00 | Potion of Mana |
| 23:04 | Lesser Clarity Potion |
| 23:14 | Peon |
| 23:14 | Peon |
| 23:14 | Peon |
| 23:14 | Peon |
| 23:14 | Peon |
| 23:14 | Peon |
| 23:15 | Peon |
| 23:53 | Mirror Image |
| 24:48 | Life Drain |
| 25:33 | Orc Burrow |
| 25:47 | Potion of Mana |
| 25:49 | Potion of Mana |
| 28:03 | Potion of Mana |
| 28:17 | Lesser Clarity Potion |
| 31:16 | Mirror Image |
| 31:45 | Liquid Fire |
| 31:53 | Orc Burrow |
| 31:54 | Orc Burrow |
| 34:51 | Silence |
| 37:53 | Lesser Clarity Potion |
| 38:03 | War Drums Damage Increase |
| 38:04 | Kodo Beast |
| 38:28 | Mirror Image |
| 43:50 | Potion of Mana |
| 43:51 | Lesser Clarity Potion |
| 44:37 | Potion of Mana |
| 44:39 | Lesser Clarity Potion |
| 46:34 | Troll Witch Doctor |
| 46:34 | Troll Witch Doctor |
| 46:34 | Troll Witch Doctor |
| 46:34 | Troll Witch Doctor |
| 52:02 | Silence |
| Right click | 1880 |
| Select | 305 |
| Select group | 293 |
| Misc. action | 292 |
| Build/train/purchase | 184 |
| Resource trade | 100 |
| Use ability | 46 |
| Assign group | 13 |
| Item give/drop | 13 |
| Remove unit | 1 |
262 units @ 34.8k
/ 5.4k
112 buildings @ 18.5k
/ 9.7k



| Scroll of Regeneration | 1 | 100 |
| Orb of Fire | 2 | 650 |
| Potion of Mana | 1 | 200 |
| Scroll of Town Portal | 7 | 2450 |
| Orb of Lightning | 1 | 375 |
| total: | 12 | 3775g |
| Peasant | 24 | 1800 | / | 0 |
| Footman | 7 | 945 | / | 0 |
| Gryphon Rider | 7 | 1960 | / | 490 |
| Flying Machine | 48 | 4800 | / | 1440 |
| Rifleman | 7 | 1435 | / | 210 |
| Mortar Team | 5 | 900 | / | 350 |
| Dragonhawk Rider | 1 | 200 | / | 30 |
| total: | 99 | 12040g | / | 2520w |
| Scout Tower | 5 | 150 | / | 100 |
| Guard Tower | 2 | 140 | / | 100 |
| Altar of Kings | 1 | 180 | / | 50 |
| Farm | 12 | 960 | / | 240 |
| Barracks | 1 | 160 | / | 60 |
| Town Hall | 8 | 3080 | / | 1640 |
| Arcane Vault | 1 | 130 | / | 30 |
| Blacksmith | 1 | 140 | / | 60 |
| Lumber Mill | 1 | 120 | / | 0 |
| Gryphon Aviary | 3 | 420 | / | 450 |
| Workshop | 4 | 560 | / | 560 |
| Keep | 1 | 320 | / | 210 |
| Castle | 1 | 360 | / | 210 |
| total: | 37 | 5900g | / | 3190w |
| 0:05 | Peasant |
| 0:05 | Peasant |
| 0:30 | Altar of Kings |
| 0:32 | Peasant |
| 0:39 | Farm |
| 0:45 | Peasant |
| 0:54 | Barracks |
| 0:57 | Peasant |
| 1:07 | Peasant |
| 1:16 | Farm |
| 1:18 | Peasant |
| 1:22 | Peasant |
| 1:41 | Peasant |
| 1:57 | Footman |
| 1:57 | Footman |
| 2:04 | Farm |
| 2:33 | Peasant |
| 2:33 | Peasant |
| 2:52 | Footman |
| 2:55 | Footman |
| 2:58 | Farm |
| 3:06 | Keep |
| 3:34 | Footman |
| 3:35 | Footman |
| 3:58 | Footman |
| 4:15 | Storm Bolt |
| 4:54 | Bash |
| 5:10 | Town Hall |
| 5:18 | Scout Tower |
| 5:26 | Arcane Vault |
| 5:30 | Farm |
| 5:34 | Peasant |
| 5:34 | Peasant |
| 5:49 | Blacksmith |
| 6:05 | Scout Tower |
| 6:20 | Lumber Mill |
| 6:22 | Peasant |
| 6:23 | Peasant |
| 6:25 | Scroll of Regeneration |
| 6:35 | Farm |
| 6:58 | Peasant |
| 6:58 | Peasant |
| 6:58 | Peasant |
| 7:41 | Gryphon Aviary |
| 7:43 | Gryphon Aviary |
| 7:45 | Castle |
| 7:53 | Gryphon Aviary |
| 7:58 | Peasant |
| 8:07 | Holy Light |
| 8:19 | Workshop |
| 8:20 | Improved Lumber Harvesting |
| 8:27 | Peasant |
| 8:27 | Peasant |
| 8:28 | Peasant |
| 8:48 | Storm Bolt |
| 9:10 | Farm |
| 9:11 | Farm |
| 9:16 | Studded Leather Armor |
| 9:17 | Iron Plating |
| 10:02 | Divine Shield |
| 10:30 | Guard Tower |
| 10:34 | Flak Cannons |
| 10:36 | Gryphon Rider |
| 10:39 | Gryphon Rider |
| 10:41 | Farm |
| 10:42 | Farm |
| 10:43 | Farm |
| 11:11 | Reinforced Leather Armor |
| 11:16 | Storm Hammers |
| 11:20 | Advanced Lumber Harvesting |
| 12:09 | Gryphon Rider |
| 12:29 | Orb of Fire |
| 12:40 | Farm |
| 12:53 | Gryphon Rider |
| 13:11 | Gryphon Rider |
| 13:34 | Devotion Aura |
| 13:52 | Gryphon Rider |
| 13:56 | Iron Forged Swords |
| 14:23 | Dragonhide Armor |
| 14:44 | Bash |
| 15:10 | Holy Light |
| 16:05 | Flying Machine |
| 16:06 | Flying Machine |
| 16:06 | Flying Machine |
| 16:06 | Flying Machine |
| 16:06 | Flying Machine |
| 16:06 | Flying Machine |
| 16:06 | Flying Machine |
| 16:07 | Flying Machine |
| 16:11 | Workshop |
| 16:39 | Flying Machine |
| 16:39 | Flying Machine |
| 16:57 | Flying Machine |
| 16:58 | Flying Machine |
| 17:04 | Scout Tower |
| 17:06 | Scout Tower |
| 17:07 | Scout Tower |
| 17:53 | Flying Machine |
| 17:53 | Flying Machine |
| 17:53 | Flying Machine |
| 18:07 | Black Gunpowder |
| 18:09 | Scroll of Town Portal |
| 18:10 | Orb of Fire |
| 18:25 | Guard Tower |
| 18:56 | Flying Machine Bombs |
| 18:56 | Flying Machine |
| 18:57 | Flying Machine |
| 19:00 | Summon Water Elemental |
| 19:12 | Refined Gunpowder |
| 20:26 | Flying Machine |
| 20:27 | Flying Machine |
| 20:27 | Flying Machine |
| 20:28 | Flying Machine |
| 20:28 | Flying Machine |
| 20:31 | Imbued Gunpowder |
| 20:36 | Town Hall |
| 20:41 | Town Hall |
| 21:25 | Town Hall |
| 21:53 | Scroll of Town Portal |
| 21:54 | Scroll of Town Portal |
| 22:26 | Town Hall |
| 22:48 | Storm Bolt |
| 22:51 | Devotion Aura |
| 23:00 | Flying Machine |
| 23:00 | Flying Machine |
| 23:00 | Flying Machine |
| 23:01 | Flying Machine |
| 23:01 | Flying Machine |
| 23:01 | Flying Machine |
| 23:01 | Flying Machine |
| 23:16 | Workshop |
| 23:16 | Workshop |
| 23:54 | Flying Machine |
| 23:55 | Flying Machine |
| 23:55 | Flying Machine |
| 23:55 | Flying Machine |
| 25:00 | Flying Machine |
| 25:01 | Flying Machine |
| 25:01 | Flying Machine |
| 25:01 | Flying Machine |
| 25:01 | Flying Machine |
| 25:01 | Flying Machine |
| 25:01 | Flying Machine |
| 25:37 | Peasant |
| 25:37 | Peasant |
| 25:43 | Scroll of Town Portal |
| 26:07 | Flying Machine |
| 27:09 | Steel Plating |
| 28:02 | Flying Machine |
| 28:10 | Orb of Lightning |
| 28:24 | Town Hall |
| 28:36 | Scroll of Town Portal |
| 28:37 | Scroll of Town Portal |
| 30:46 | Flying Machine |
| 30:49 | Barrage |
| 33:33 | Long Rifles |
| 33:33 | Rifleman |
| 33:34 | Rifleman |
| 33:34 | Rifleman |
| 33:34 | Rifleman |
| 33:34 | Rifleman |
| 33:34 | Rifleman |
| 33:37 | Flying Machine |
| 33:42 | Steel Forged Swords |
| 33:42 | Mithril Plating |
| 35:18 | Brilliance Aura |
| 35:43 | Avatar |
| 38:58 | Fragmentation Shards |
| 39:00 | Mortar Team |
| 39:00 | Mortar Team |
| 39:00 | Mortar Team |
| 39:00 | Mortar Team |
| 39:00 | Mortar Team |
| 39:18 | Scroll of Town Portal |
| 39:30 | Potion of Mana |
| 39:54 | Mithril Forged Swords |
| 43:53 | Gryphon Rider |
| 43:54 | Cloud |
| 43:54 | Dragonhawk Rider |
| 44:03 | Rifleman |
| 45:30 | Town Hall |
| 47:19 | Flying Machine |
| 49:45 | Town Hall |
| 50:49 | Flying Machine |
| 50:49 | Flying Machine |
| 50:50 | Flying Machine |
| Right click | 957 |
| Select | 640 |
| Build/train/purchase | 181 |
| Use ability | 65 |
| Resource trade | 22 |
| Minimap ping | 20 |
| Esc | 7 |
| Remove unit | 4 |
| Item give/drop | 3 |
XDeathFireXx
(52:23) : 


| Healing Salve | 1 | 100 |
| Orb of Lightning | 1 | 375 |
| Scroll of Town Portal | 3 | 1050 |
| total: | 5 | 1525g |
| Peon | 57 | 4275 | / | 0 |
| Grunt | 14 | 2800 | / | 0 |
| Shaman | 3 | 390 | / | 60 |
| Troll Witch Doctor | 5 | 725 | / | 125 |
| Troll Headhunter | 7 | 980 | / | 140 |
| Troll Berserker | 12 | 1680 | / | 240 |
| total: | 98 | 10850g | / | 565w |
| Watch Tower | 29 | 3190 | / | 2320 |
| Altar of Storms | 3 | 540 | / | 150 |
| Orc Burrow | 7 | 1120 | / | 280 |
| Barracks | 2 | 360 | / | 100 |
| War Mill | 1 | 205 | / | 0 |
| Voodoo Lounge | 1 | 130 | / | 30 |
| Great Hall | 8 | 3080 | / | 1480 |
| Spirit Lodge | 3 | 450 | / | 450 |
| Stronghold | 3 | 945 | / | 570 |
| Fortress | 3 | 975 | / | 570 |
| total: | 54 | 9075g | / | 4810w |
| 0:03 | Peon |
| 0:03 | Peon |
| 0:15 | Altar of Storms |
| 0:18 | Orc Burrow |
| 0:20 | Peon |
| 0:42 | Peon |
| 0:50 | Barracks |
| 0:55 | Peon |
| 1:11 | Peon |
| 1:22 | War Mill |
| 1:28 | Peon |
| 1:41 | Orc Burrow |
| 1:48 | Peon |
| 2:06 | Peon |
| 2:06 | Peon |
| 2:16 | Feral Spirit |
| 2:23 | Voodoo Lounge |
| 2:48 | Grunt |
| 3:29 | Grunt |
| 3:32 | Steel Armor |
| 3:36 | Orc Burrow |
| 3:57 | Watch Tower |
| 4:15 | Peon |
| 4:25 | Grunt |
| 5:16 | Grunt |
| 5:16 | Grunt |
| 5:36 | Chain Lighting |
| 5:43 | Great Hall |
| 5:58 | Steel Melee Weapons |
| 6:18 | Healing Salve |
| 6:53 | Watch Tower |
| 6:55 | Watch Tower |
| 6:58 | Watch Tower |
| 7:01 | Watch Tower |
| 7:36 | Peon |
| 7:36 | Peon |
| 7:42 | Great Hall |
| 7:52 | Grunt |
| 8:05 | Watch Tower |
| 8:21 | Peon |
| 8:35 | Feral Spirit |
| 8:39 | Stronghold |
| 8:41 | Spiked Barricades |
| 9:43 | Grunt |
| 9:43 | Grunt |
| 9:43 | Grunt |
| 10:33 | Peon |
| 10:36 | Peon |
| 10:37 | Peon |
| 10:37 | Peon |
| 10:37 | Peon |
| 10:37 | Peon |
| 10:43 | Orc Burrow |
| 10:44 | Orc Burrow |
| 11:13 | Fortress |
| 11:21 | Pillage |
| 11:25 | Backpack |
| 11:44 | Orc Burrow |
| 11:47 | Orc Burrow |
| 12:15 | Peon |
| 12:15 | Peon |
| 12:20 | Chain Lighting |
| 13:28 | Great Hall |
| 13:33 | Great Hall |
| 13:46 | Peon |
| 13:46 | Peon |
| 13:46 | Peon |
| 13:49 | Peon |
| 13:49 | Peon |
| 14:16 | Peon |
| 14:16 | Peon |
| 14:16 | Peon |
| 14:16 | Peon |
| 14:28 | Peon |
| 14:28 | Peon |
| 14:28 | Peon |
| 14:28 | Peon |
| 14:29 | Peon |
| 14:42 | Watch Tower |
| 14:45 | Watch Tower |
| 14:48 | Watch Tower |
| 15:08 | Thorium Armor |
| 15:08 | Thorium Melee Weapons |
| 15:09 | Steel Ranged Weapons |
| 15:09 | Improved Spiked Barricades |
| 15:42 | Peon |
| 15:57 | Peon |
| 15:57 | Peon |
| 15:57 | Peon |
| 15:57 | Peon |
| 16:01 | Peon |
| 16:01 | Peon |
| 16:02 | Peon |
| 16:02 | Peon |
| 16:11 | Watch Tower |
| 16:13 | Watch Tower |
| 17:04 | Great Hall |
| 18:06 | Altar of Storms |
| 18:13 | Altar of Storms |
| 18:15 | Watch Tower |
| 18:19 | Watch Tower |
| 18:57 | Grunt |
| 18:57 | Grunt |
| 18:57 | Grunt |
| 18:57 | Grunt |
| 18:57 | Grunt |
| 19:11 | Watch Tower |
| 19:15 | Watch Tower |
| 19:25 | Stronghold |
| 20:29 | Watch Tower |
| 20:31 | Watch Tower |
| 20:50 | Peon |
| 20:51 | Peon |
| 20:51 | Peon |
| 20:51 | Peon |
| 21:58 | Fortress |
| 22:38 | Great Hall |
| 22:41 | Watch Tower |
| 22:43 | Watch Tower |
| 22:45 | Watch Tower |
| 22:47 | Watch Tower |
| 23:12 | Troll Regeneration |
| 23:14 | Barracks |
| 23:16 | Spirit Lodge |
| 23:19 | Spirit Lodge |
| 23:22 | Spirit Lodge |
| 23:50 | Watch Tower |
| 23:55 | Watch Tower |
| 23:57 | Watch Tower |
| 24:23 | Peon |
| 24:23 | Peon |
| 24:23 | Peon |
| 24:23 | Peon |
| 24:24 | Peon |
| 24:32 | Shaman Adept Training |
| 24:33 | Witch Doctor Adept Training |
| 25:19 | Shaman |
| 25:20 | Shaman |
| 25:21 | Troll Witch Doctor |
| 25:21 | Troll Witch Doctor |
| 25:22 | Shaman |
| 25:24 | Berserker Upgrade |
| 25:25 | Troll Headhunter |
| 25:25 | Troll Headhunter |
| 25:25 | Troll Headhunter |
| 25:25 | Troll Headhunter |
| 25:25 | Troll Headhunter |
| 25:25 | Troll Headhunter |
| 25:25 | Troll Headhunter |
| 25:29 | Endurance Aura |
| 25:39 | Orb of Lightning |
| 25:55 | Thorium Ranged Weapons |
| 26:19 | Healing Wave |
| 27:11 | Shaman Master Training |
| 27:12 | Witch Doctor Master Training |
| 27:16 | Troll Berserker |
| 27:17 | Troll Berserker |
| 27:17 | Troll Berserker |
| 27:17 | Troll Berserker |
| 27:17 | Troll Berserker |
| 27:19 | Arcanite Ranged Weapons |
| 27:21 | Arcanite Melee Weapons |
| 27:36 | Scroll of Town Portal |
| 27:36 | Scroll of Town Portal |
| 27:36 | Scroll of Town Portal |
| 29:22 | Great Hall |
| 32:05 | Stronghold |
| 33:39 | Great Hall |
| 34:25 | Fortress |
| 35:07 | Feral Spirit |
| 36:36 | Troll Berserker |
| 36:36 | Troll Berserker |
| 36:36 | Troll Berserker |
| 36:37 | Troll Berserker |
| 36:37 | Troll Berserker |
| 36:37 | Troll Berserker |
| 36:37 | Troll Berserker |
| 36:44 | Troll Witch Doctor |
| 36:56 | Peon |
| 38:11 | Troll Witch Doctor |
| 38:13 | Troll Witch Doctor |
| 40:50 | Watch Tower |
| 40:55 | Watch Tower |
| 41:21 | Watch Tower |
| 41:23 | Watch Tower |
| 41:26 | Watch Tower |
| 41:57 | Hex |
| 42:30 | Peon |
| 44:38 | Peon |
| Right click | 2096 |
| Select | 831 |
| Build/train/purchase | 198 |
| Resource trade | 84 |
| Use ability | 79 |
| Minimap ping | 15 |
| Remove unit | 5 |


| Rod of Necromancy | 1 | 150 |
| Sacrificial Skull | 1 | 50 |
| Potion of Healing | 1 | 150 |
| Orb of Corruption | 4 | 1500 |
| Potion of Mana | 1 | 200 |
| Scroll of Town Portal | 7 | 2450 |
| total: | 15 | 4500g |
| Acolyte | 24 | 1800 | / | 0 |
| Ghoul | 8 | 960 | / | 0 |
| Crypt Fiend | 20 | 4300 | / | 800 |
| Frost Wyrm | 12 | 4620 | / | 1440 |
| Meat Wagon | 1 | 230 | / | 50 |
| total: | 65 | 11910g | / | 2290w |
| Spirit Tower | 5 | 725 | / | 200 |
| Altar of Darkness | 1 | 180 | / | 50 |
| Ziggurat | 8 | 1200 | / | 400 |
| Crypt | 3 | 600 | / | 150 |
| Graveyard | 1 | 215 | / | 0 |
| Tomb of Relics | 1 | 130 | / | 30 |
| Necropolis | 1 | 225 | / | 0 |
| Slaughterhouse | 2 | 280 | / | 270 |
| Boneyard | 4 | 700 | / | 800 |
| Halls of the Dead | 1 | 320 | / | 210 |
| Black Citadel | 1 | 325 | / | 230 |
| total: | 21 | 3530g | / | 1700w |
| 0:04 | Acolyte |
| 0:04 | Acolyte |
| 0:13 | Altar of Darkness |
| 0:16 | Ziggurat |
| 0:33 | Crypt |
| 0:56 | Graveyard |
| 1:10 | Tomb of Relics |
| 1:37 | Ghoul |
| 1:37 | Ghoul |
| 1:37 | Ghoul |
| 1:53 | Ziggurat |
| 2:04 | Ghoul |
| 2:16 | Ghoul |
| 2:20 | Carrion Beetles |
| 2:56 | Crypt Fiend |
| 3:04 | Rod of Necromancy |
| 3:04 | Sacrificial Skull |
| 3:22 | Crypt Fiend |
| 3:51 | Crypt Fiend |
| 3:56 | Acolyte |
| 4:36 | Spiked Carapace |
| 5:04 | Ziggurat |
| 5:07 | Ziggurat |
| 5:10 | Ziggurat |
| 5:13 | Necropolis |
| 5:39 | Halls of the Dead |
| 5:57 | Spiked Carapace |
| 6:07 | Crypt Fiend |
| 6:13 | Spirit Tower |
| 6:30 | Creature Carapace |
| 6:53 | Acolyte |
| 6:53 | Acolyte |
| 6:53 | Acolyte |
| 6:54 | Acolyte |
| 6:56 | Spirit Tower |
| 7:21 | Crypt |
| 7:24 | Creature Attack |
| 7:49 | Crypt Fiend |
| 8:04 | Crypt |
| 8:14 | Web |
| 8:16 | Black Citadel |
| 8:36 | Improved Creature Carapace |
| 9:04 | Crypt Fiend |
| 9:07 | Carrion Beetles |
| 9:39 | Death Coil |
| 9:53 | Crypt Fiend |
| 9:55 | Improved Creature Attack |
| 10:04 | Ziggurat |
| 10:37 | Crypt Fiend |
| 10:47 | Spirit Tower |
| 11:12 | Crypt Fiend |
| 11:22 | Ghoul |
| 11:54 | Boneyard |
| 11:55 | Boneyard |
| 12:14 | Ghoul |
| 12:18 | Ghoul |
| 12:25 | Unholy Aura |
| 13:19 | Freezing Breath |
| 13:23 | Frost Wyrm |
| 13:34 | Scroll of Town Portal |
| 14:14 | Frost Wyrm |
| 14:50 | Frost Wyrm |
| 15:34 | Ziggurat |
| 15:35 | Ziggurat |
| 15:39 | Advanced Creature Carapace |
| 16:59 | Crypt Fiend |
| 17:03 | Frost Wyrm |
| 17:05 | Advanced Creature Attack |
| 17:08 | Spiked Carapace |
| 17:56 | Scroll of Town Portal |
| 18:03 | Crypt Fiend |
| 18:12 | Potion of Healing |
| 19:00 | Crypt Fiend |
| 19:05 | Frost Wyrm |
| 19:17 | Orb of Corruption |
| 19:44 | Death Coil |
| 22:50 | Slaughterhouse |
| 22:51 | Slaughterhouse |
| 22:58 | Crypt Fiend |
| 23:02 | Orb of Corruption |
| 23:18 | Scroll of Town Portal |
| 25:31 | Scroll of Town Portal |
| 25:32 | Orb of Corruption |
| 26:01 | Meat Wagon |
| 26:12 | Potion of Mana |
| 26:47 | Scroll of Town Portal |
| 28:19 | Burrow |
| 30:58 | Frost Wyrm |
| 31:09 | Acolyte |
| 31:10 | Acolyte |
| 31:16 | Boneyard |
| 31:16 | Boneyard |
| 31:40 | Crypt Fiend |
| 31:48 | Acolyte |
| 31:48 | Acolyte |
| 31:48 | Acolyte |
| 31:49 | Acolyte |
| 31:49 | Acolyte |
| 31:56 | Scroll of Town Portal |
| 32:05 | Orb of Corruption |
| 32:11 | Scroll of Town Portal |
| 32:20 | Crypt Fiend |
| 32:49 | Frost Wyrm |
| 33:23 | Crypt Fiend |
| 35:15 | Locust Swarm |
| 35:22 | Crypt Fiend |
| 36:19 | Frost Wyrm |
| 36:34 | Acolyte |
| 36:34 | Acolyte |
| 36:35 | Acolyte |
| 38:02 | Acolyte |
| 38:02 | Acolyte |
| 38:02 | Acolyte |
| 38:02 | Acolyte |
| 40:06 | Frost Wyrm |
| 40:35 | Frost Wyrm |
| 42:26 | Frost Wyrm |
| 44:55 | Acolyte |
| 44:55 | Acolyte |
| 44:55 | Acolyte |
| 45:46 | Frost Wyrm |
| 48:21 | Unholy Aura |
| 48:48 | Crypt Fiend |
| 50:09 | Crypt Fiend |
| 50:52 | Spirit Tower |
| 51:09 | Spirit Tower |
| 51:44 | Crypt Fiend |
| Right click | 1061 |
| Select | 693 |
| Build/train/purchase | 125 |
| Use ability | 34 |
| Item give/drop | 8 |
| Resource trade | 5 |
| Minimap ping | 3 |
| Misc. action | 2 |